 Dungeon Crawl Stone Soup version 0.27.1 (webtiles) character file.

Game seed: 11191222457825994065

1633 ZARRMARR the Frost Mage (level 8, -2/57 HPs)
             Began as a Merfolk Ice Elementalist on Aug 28, 2021.
             Slain by an ice beast (5 damage)
             ... on level 6 of the Dungeon.
             The game lasted 00:42:18 (10281 turns).

ZARRMARR the Frost Mage (Merfolk Ice Elementalist) Turns: 10281, Time: 00:42:18

Health: -2/57      AC:  6    Str:  9    XL:     8   Next: 98%
Magic:  14/14      EV: 14    Int: 16    God:
Gold:   244        SH:  0    Dex: 14    Spells: 9/16 levels left

rFire    . . .     SeeInvis .   r - +0 trident
rCold    . . .     Faith    .   (no shield)
rNeg     . . .     Spirit   .   a - +0 robe
rPois    .         Reflect  .   h - +0 helmet
rElec    .         Harm     .   (no cloak)
rCorr    .         Rampage  .   (no gloves)
Will     .....                  g - +2 pair of boots
Stlth    +++.......             (no amulet)
HPRegen  0.19/turn              (no ring)
MPRegen  0.14/turn              (no ring)

@: attractive, hasted, very quick
A: (nimble swimmer 2), mertail
a: no special abilities


You were on level 6 of the Dungeon.
You visited 1 branch of the dungeon, and saw 6 of its levels.
You also visited: Sewer.

You collected 244 gold pieces.

Inventory:

Hand Weapons
 r - a +0 trident (weapon)
Missiles
 l - 13 poisoned darts (quivered)
 q - 2 curare-tipped darts
Armour
 a - a +0 robe (worn)
 g - a +2 pair of boots (worn)
 h - a +0 helmet (worn)
Magical Staves
 b - a staff of cold
Scrolls
 e - 3 scrolls of enchant armour {unknown}
 i - 3 scrolls of teleportation {unknown}
 k - a scroll of vulnerability
 o - a scroll of fog {unknown}
 p - a scroll of noise {unknown}
Potions
 c - 2 potions of flight
 f - a potion of brilliance {unknown}
 m - a potion of attraction
 n - a potion of resistance {unknown}


   Skills:
 + Level 2.3 Fighting
 + Level 0.8(2.5) Polearms
 + Level 2.1 Staves
 + Level 5.9 Dodging
 + Level 4.8 Stealth
 + Level 4.5 Spellcasting
 + Level 8.1 Ice Magic
 * Level 3.8 Evocations


You had 9 spell levels left.
You knew the following spells:

 Your Spells              Type           Power      Damage    Failure   Level
a - Freeze                Ice            100%       1d11      1%          1
b - Frozen Ramparts       Ice            58%        1d7       1%          3
c - Ozocubu's Armour      Ice            29%        N/A       1%          3

Your spell library contained the following spells:

 Spells                   Type           Power      Damage    Failure   Level
 Sublimation of Blood     Necr           1%         N/A       24%         2
 Wereblood                Tmut           3%         N/A       24%         2
 Hailstorm                Conj/Ice       16%        3d6       30%         4
 Call Canine Familiar     Summ           3%         N/A       43%         3
 Portal Projectile        Hex/Tloc       6%         N/A       43%         3
 Leda's Liquefaction      Hex/Erth       1%         N/A       85%         4
 Olgreb's Toxic Radiance  Pois           3%         N/A       85%         4
 Ozocubu's Refrigeration  Ice            14%        4d7       99%         7
 Summon Hydra             Summ           1%         N/A       100%        7
 Ignition                 Fire           1%         3d3       100%        8


Dungeon Overview and Level Annotations

Branches:
Dungeon (6/15)              Sewer (visited)
 Temple: D:4-7

Altars:
Cheibriados
Elyvilon
Fedhas
Kikubaaqudgha
Okawaru
Trog

Annotations:
D:6 1 transporter


Innate Abilities, Weirdness & Mutations

((You are quick and stealthy near water. (Stealth+, EV+, Speed+++)))
Your lower body shifts to a powerful aquatic tail in water.


Message History

The ice beast is severely wounded.
The ice beast hits you but does no damage.
You hit the ice beast.
The ice beast is severely wounded.
The ice beast hits you. The ice beast freezes you!
You closely miss the ice beast.
The ice beast is severely wounded.
The ice beast hits you but does no damage.
You barely miss the ice beast.
The ice beast is severely wounded.
The ice beast completely misses you. The ice beast hits you.
The ice beast freezes you!
* * * LOW HITPOINT WARNING * * *
It was a potion of attraction.
You feel attractive to monsters. The ice beast barely misses you.
It was a potion of haste.
You feel yourself speed up.
The ice beast hits you but does no damage.
You hit the ice beast but do no damage.
The ice beast is severely wounded.
You hit the ice beast.
The ice beast is severely wounded.
The ice beast barely misses you.
You hit the ice beast but do no damage.
The ice beast is severely wounded.
The ice beast barely misses you.
You hit the ice beast but do no damage.
The ice beast is severely wounded.
The ice beast barely misses you.
You hit the ice beast.
The ice beast is severely wounded.
The ice beast closely misses you.
You hit the ice beast but do no damage.
The ice beast is severely wounded.
You hit the ice beast but do no damage.
The ice beast is severely wounded.
The ice beast hits you.
* * * LOW HITPOINT WARNING * * *
The ice beast freezes you.
You die...

##.#.# ##########....
#.. ... .....[. # #...
#.## #..###.## #...#
#..###...<...#
#©...###.......###....#
#........####......##..
#.....##.#########.#
#......#..@Y...... ..
#..#########. ##)# #..
###. .# . .. ..


You could see an ice beast.

Vanquished Creatures
  Edmund (D:5)
  An ice beast (D:3)
  A sky beast (D:5)
  A phantom (D:5)
  7 kobold brigands (Sewer)
  A scorpion (D:4)
  A water moccasin skeleton (D:5)
  An orc priest (D:4)
  A jelly (D:5)
  2 hounds
  Natasha (thrice) (D:4)
  7 orc wizards
  3 gnolls (D:3)
  12 adders
  A river rat (Sewer)
  An ufetubus (D:4)
  An adder zombie (D:5)
  8 worms
  2 dart slugs
  12 orcs
  12 ball pythons
  7 endoplasms
  4 giant cockroaches
  6 hobgoblins
  7 jackals (D:2)
  10 kobolds
  3 quokkas
  5 bats
  6 frilled lizards
  7 goblins
  10 rats
144 creatures vanquished.

Vanquished Creatures (others)
  An orc wizard (D:5)
  A fungus (D:5)
2 creatures vanquished.

Grand Total: 146 creatures vanquished

Notes
Turn   | Place    | Note
-------+----------+-------------------------------------------
     0 | D:1      | ZARRMARR the Merfolk Ice Elementalist began the quest for
                  | the Orb.
     0 | D:1      | Reached XP level 1. HP: 13/13 MP: 3/3
   217 | D:1      | Reached XP level 2. HP: 19/19 MP: 3/5
   482 | D:1      | Reached skill level 1 in Evocations
   657 | D:1      | Reached XP level 3. HP: 18/24 MP: 4/6
  1160 | D:1      | Found a faded altar of an unknown god.
  1460 | D:2      | Reached skill level 5 in Ice Magic
  1460 | D:2      | Reached XP level 4. HP: 28/30 MP: 0/7
  2590 | D:3      | Reached XP level 5. HP: 8/35 MP: 6/9
  3007 | D:3      | Found a white marble altar of Elyvilon.
  3073 | D:3      | Found an iron altar of Okawaru.
  3286 | D:3      | Learned a level 3 spell: Frozen Ramparts
  3290 | D:3      | Learned a level 3 spell: Ozocubu's Armour
  3465 | D:4      | Reached XP level 6. HP: 19/42 MP: 0/10
  3471 | D:4      | Reached skill level 6 in Ice Magic
  3843 | D:4      | Found a snail-covered altar of Cheibriados.
  3890 | D:4      | Found a bloodstained altar of Trog.
  4006 | D:4      | Noticed Natasha
  4006 | D:4      | Noticed an ice beast
  4009 | D:4      | Killed Natasha
  4276 | D:5      | Entered Level 5 of the Dungeon
  4298 | D:5      | Found a glowing drain.
  4368 | Sewer    | Entered a sewer
  4401 | Sewer    | Reached skill level 1 in Fighting
  4401 | Sewer    | Reached XP level 7. HP: 45/48 MP: 3/11
  4415 | Sewer    | Reached skill level 1 in Staves
  4710 | Sewer    | Reached skill level 7 in Ice Magic
  5248 | Sewer    | Reached XP level 8. HP: 50/55 MP: 3/12
  6402 | D:4      | Noticed Natasha
  6408 | D:4      | Killed Natasha
  6514 | D:4      | Noticed Natasha
  6527 | D:4      | Killed Natasha
  6682 | D:5      | Reached skill level 5 in Dodging
  7047 | D:5      | Reached skill level 8 in Ice Magic
  7689 | D:5      | Found a blossoming altar of Fedhas.
  7911 | D:5      | Noticed Edmund
  7925 | D:5      | Killed Edmund
  8063 | D:5      | Found an ancient bone altar of Kikubaaqudgha.
  8398 | D:5      | Found a blossoming altar of Fedhas.
  8982 | D:5      | Found an ancient bone altar of Kikubaaqudgha.
  9190 | D:4      | Found a snail-covered altar of Cheibriados.
  9354 | D:4      | Found a bloodstained altar of Trog.
  9567 | D:3      | Found an iron altar of Okawaru.
  9591 | D:3      | Found a white marble altar of Elyvilon.
 10240 | D:6      | Found a transporter.
 10281 | D:6      | Slain by an ice beast

Illustrated notes

Levels and vault maps discovered:
D:1:      dpeg_arrival_ternary, layout_loops_ring,
          hellmonk_ecumenical_altar_leap_of_faith
D:2:      minmay_spotlight, layout_basic
D:3:      layout_loops_cross, nicolae_elyvilon_peaceful_grove,
          mainiacjoe_overflow_six_doors_small
D:4:      layout_rooms, kennysheep_slug_shrine, trog_book, uniq_natasha
D:5:      layout_basic, mainiacjoe_overflow_alcove_4,
          lemuel_coloured_pillars_altar, gup_sewer_entry_glass,
          minmay_a_box_with_orc_wizards_in_it, uniq_edmund
D:6:      gammafunk_steamed_eel, layout_rooms, led_sif_book,
          minmay_temple_entry_wispy, interstate_on_off, uniq_maggie,
          uniq_menkaure

Skill      XL: |  1  2  3  4  5  6  7  8 |
---------------+-------------------------+-----
Evocations     | 1 2 3 |  3.8
Ice Magic      | 5 6 7 8 |  8.1
Spellcasting   | 3 4 |  4.5
Stealth        | 3 4 |  4.8
Dodging        | 3 4 5 |  5.9
Fighting       | 1 2 |  2.3
Staves         | 1 2 |  2.1
Polearms       | |  0.8

Action                   |  1- 3 |  4- 6 |  7- 9 || total
-------------------------+-------+-------+-------++-------
Melee: Staff             |    22 |    53 |   137 ||   212
       Tailslap          |       |       |     4 ||     4
       Trident           |       |       |    82 ||    82
Throw: Boomerang         |       |    37 |    20 ||    57
       Dart              |       |       |    83 ||    83
 Cast: Freeze            |    36 |   105 |    87 ||   228
  Use: Scroll            |       |     6 |     1 ||     7
       Potion            |       |     2 |     7 ||     9
 Stab: Sleeping          |     5 |     4 |    16 ||    25
Armor: Robe              |     3 |    56 |    86 ||   145
       Skin              |       |    19 |       ||    19
Dodge: Dodged            |    20 |   127 |   160 ||   307
